 Dungeon Crawl Stone Soup version 0.30-a0-672-gc3a7216ad8 (webtiles) character file.

Game seed: 10870394750558827627

17348 Pooter the Cleaver (level 12, -22/100 HPs)
             Began as a Demonspawn Berserker on Jan 17, 2023.
             Was an Elder of Trog.
             Annihilated by Rupert
             ... wielding a +0 great mace of protection
              (27 damage)
             ... on level 2 of the Orcish Mines on Jan 18, 2023.
             The game lasted 01:06:07 (14662 turns).

Pooter the Cleaver (Demonspawn Berserker)          Turns: 14662, Time: 01:06:08

Health: -22/100    AC: 20    Str: 28    XL:     12   Next: 18%
Magic:  12/12      EV:  8    Int: 10    God:    Trog [****..]
Gold:   1058       SH:  0    Dex: 12    Spells: 11/11 levels left

rFire   . . .      SeeInvis .    a - +0 battleaxe
rCold   . . .      Faith    .    (shield currently unavailable)
rNeg    . . .      Spirit   .    n - +2 plate armour
rPois   .          Reflect  .    j - +0 helmet
rElec   .          Harm     .    I - scarf {repulsion}
rCorr   .          Rampage  .    K - +0 pair of gloves
Will    .....                    p - +0 pair of boots Stlth
                                 (no amulet)
HPRegen 0.36/turn                M - +4 ring of slaying
MPRegen 0.13/turn                w - +6 ring of strength

@: silenced, repel missiles
A: slimy green scales 2, demonic guardian 1, spiny 2, weakness stinger 2, claws
1, noise suppression
a: Renounce Religion


You were on level 2 of the Orcish Mines.
You worshipped Trog.
Trog was greatly pleased with you.
You visited 2 branches of the dungeon, and saw 12 of its levels.

You collected 1058 gold pieces.

Inventory:

Hand Weapons
 a - a +0 battleaxe (weapon)
   (You took it off an orc warrior on level 1 of the Orcish Mines)
 b - a +0 arbalest
   (You took it off an orc warrior on level 1 of the Orcish Mines)
 d - a +0 heavy trident
   (You took it off an orc on level 1 of the Orcish Mines)
 i - a +0 arbalest
   (You took it off an orc warrior on level 9 of the Dungeon)
 u - the +10 sling "Edoat" {flame, Dex+5}
   (You found it on level 10 of the Dungeon)

   Dex:       It affects your dexterity (+5).
 H - a +4 war axe
   (You took it off a hell knight on level 10 of the Dungeon)
 N - a +0 great mace
   (You found it on level 8 of the Dungeon)
 U - a +4 glaive
   (You took it off a hell knight on level 10 of the Dungeon)
 V - a +5 halberd
   (You took it off a hell knight on level 10 of the Dungeon)
Missiles
 k - 23 poisoned darts
 B - 3 throwing nets {!f}
 G - 3 javelins
 L - 10 boomerangs (quivered)
 Q - 68 stones
 S - 2 atropa-tipped darts
 W - 6 silver boomerangs
Armour
 j - a +0 helmet (worn)
   (You took it off Robin on level 4 of the Dungeon)
 m - a +2 cloak
   (You found it on level 2 of the Dungeon)
 n - a +2 plate armour (worn)
   (You found it on level 2 of the Dungeon)
 p - a +0 pair of boots (worn)
   (You found it on level 2 of the Dungeon)
 F - a +0 kite shield
   (You took it off a gnoll sergeant on level 8 of the Dungeon)
 I - a scarf of repulsion (worn)
   (You found it on level 7 of the Dungeon)
 K - a +0 pair of gloves (worn)
   (You found it on level 7 of the Dungeon)
Jewellery
 g - a +6 ring of dexterity
   (You found it on level 1 of the Dungeon)
 q - a ring of fire
   (You found it on level 3 of the Dungeon)
 w - a +6 ring of strength (right hand)
   (You found it on level 4 of the Dungeon)
 A - a +4 ring of protection
   (You found it on level 5 of the Dungeon)
 C - a +4 ring of protection
   (You found it on level 5 of the Dungeon)
 D - a ring of flight
   (You found it on level 5 of the Dungeon)
 M - a +4 ring of slaying (left hand)
   (You found it on level 7 of the Dungeon)
Wands
 f - a wand of flame (30)
   (You found it on level 5 of the Dungeon)
Scrolls
 l - a scroll of fog
 o - 2 scrolls of poison {!r}
 t - 4 scrolls of teleportation {@r4}
 y - 3 scrolls of noise {!r}
 z - a scroll of magic mapping
 E - 2 scrolls of blinking
Potions
 c - 2 potions of berserk rage {unknown}
 h - 2 potions of haste {unknown}
 r - 2 potions of degeneration {unknown}
 s - 5 potions of curing {@q1}
 v - 3 potions of might {unknown}
 x - 5 potions of heal wounds {@q2}
 J - a potion of mutation {!q}
 O - 7 potions of flight
 P - a potion of lignification {unknown}
 R - a potion of resistance {unknown}


   Skills:
 + Level 11.2 Fighting
 * Level 13.0(13.2) Axes
 - Level 3.5(9.1) Polearms
 * Level 6.6 Ranged Weapons
 + Level 3.4 Armour
 - Level 3.3 Dodging
 - Level 2.5 Shields


You had 11 spell levels left.
You didn't know any spells.
Your spell library was empty.

Dungeon Overview and Level Annotations

Branches:
Dungeon (10/15)            Temple (0/1) D:7            Lair (0/5) D:9
    Orc (2/2) D:10
    Elf: Orc:2

Altars:
Cheibriados
Ru
Uskayaw
Xom

Shops:
D:8 (

Annotations:
D:7 1 transporter, Persephone's ghost, novice GrBe
Orc:2 Rupert


Innate Abilities, Weirdness & Mutations

You are mostly covered in slimy green scales. (AC +3)
A weak demonic guardian rushes to your aid.
You are mostly covered in sharp spines.
You have a tail ending in a sharp stinger.
You have sharp fingernails.
You passively dampen the noise of your surroundings.


Message History

Your Axes skill increases to level 13!
You now have 1014 gold pieces (gained 28).
You start resting.
Found 14 gold pieces.
You now have 1026 gold pieces (gained 12).
You now have 1040 gold pieces (gained 14).
You see here 2 large rocks.
Found 31 gold pieces.
Found 18 gold pieces.
b - a +0 arbalest (weapon)
You now have 1058 gold pieces (gained 18).
Found 23 gold pieces.
Rupert the Wild comes into view.
He is wielding a +0 great mace of protection and wearing a +3 ring mail of willpower.
Rupert shouts!
You hear a shout!
Your skin crawls.
You feel strong-willed.
Okay, then.
You feel the effects of Trog's Hand fading.
Rupert roars wildly at you. You resist with almost no effort.
You shoot a bolt. The bolt barely misses Rupert.
You shoot a bolt. The bolt hits Rupert.
a - a +0 battleaxe (weapon)
As you read the scroll of silence, it crumbles to dust.
A profound silence engulfs you.
Your skin stops crawling.
You feel less strong-willed.
Okay, then.
You closely miss Rupert.
Rupert flies into a rage!
Rupert goes berserk!
You slice Rupert!! Rupert is struck by your spines.
Rupert hits you with a +0 great mace of protection!
A demonic guardian appears!
Rupert is struck by your spines.
Rupert hits you with a +0 great mace of protection!!
You slice Rupert!! You tail-slap Rupert, but do no damage.
Rupert hits you with a +0 great mace of protection!!
* * * LOW HITPOINT WARNING * * *
You hit Rupert but do no damage.
Rupert hits you with a +0 great mace of protection!!
* * * LOW HITPOINT WARNING * * *
Your white imp hits Rupert but does no damage.
Rupert hits your white imp with a +0 great mace of protection!
Your white imp dies!
Your white imp disappears in a puff of smoke!
You hit Rupert.
Your tail-slap misses Rupert.
Rupert is struck by your spines.
Rupert hits you with a +0 great mace of protection.
* * * LOW HITPOINT WARNING * * *
You slash Rupert! You tail-slap Rupert. Rupert is struck by your spines.
Rupert hits you with a +0 great mace of protection!!
You die...

#......<..............
#......................
.....
.................#$...#
.$#..
................#.....##...#
......................#.#.##
...........................#
........#.................#
.....#.##.#.............#
................@@.#...##
........................#
.....(..................##
.........................#
###..#............#......#
#.....#.#......#.####...##
.......#.....##### ##...#
...........### ##.##
...##......# ###


You could see Rupert (berserk).

Vanquished Creatures
  Snorg (D:10)
  Harold (D:9)
  Erolcha (D:10)
  A boulder beetle (D:9)
  A two-headed ogre (D:10)
  6 hell knights (D:10)
  A necromancer (D:10)
  Pikel (D:5)
  2 orc sorcerers (Orc:1)
  A cyclops (Orc:2)
  A komodo dragon (D:9)
  A troll (Orc:1)
  A hornet (D:8)
  Grinder (D:5)
  A shadow (D:9)
  2 wraiths
  A wyvern (D:7)
  A steam dragon (D:10)
  A warg (Orc:1)
  3 acid dragons
  5 water moccasins
  7 hell hounds (D:10)
  4 ice beasts
  12 orc warriors
  A black bear (D:5)
  An ogre (D:5)
  A lemure (D:5)
  2 kobold brigands (D:9)
  The ghost of Nabski the Firebug, an amateur TeFE (D:3)
  2 bullfrogs
  Blork the orc (D:8)
  5 gnoll sergeants
  A necrophage (D:4)
  4 scorpions (D:5)
  10 wights
  6 killer bees (D:8)
  3 howler monkeys (D:9)
  3 hounds (D:5)
  5 jellies
  9 orc priests
  2 gnoll boudas
  5 iguanas
  17 orc wizards
  Robin (D:4)
  25 gnolls
  13 adders
  A shadow imp (D:5)
  3 white imps
  An ufetubus (D:7)
  2 worms
  2 dart slugs
  67 orcs
  15 endoplasms
  4 giant cockroaches
  10 goblins
  13 hobgoblins
  A jackal (D:5)
  17 kobolds
  6 quokkas
  6 ball pythons
  7 bats
  3 frilled lizards
  2 rats
335 creatures vanquished.

Vanquished Creatures (collateral kills)
  A manticore (D:10)
  An orc warrior (Orc:1)
  2 orcs
4 creatures vanquished.

Vanquished Creatures (others)
  4 fungi (D:2)
  6 plants (D:9)
  9 toadstools (D:2)
19 creatures vanquished.

Grand Total: 358 creatures vanquished

Notes
Turn   | Place    | Note
-------+----------+-------------------------------------------
     0 | D:1      | Pooter the Demonspawn Berserker began the quest for the
                  | Orb.
     0 | D:1      | Reached XP level 1. HP: 18/18 MP: 1/1
   219 | D:1      | Gained mutation: You are partially covered in sharp spines.
                  | [demonic ancestry]
   219 | D:1      | Reached XP level 2. HP: 20/24 MP: 2/2
   658 | D:2      | Reached skill level 1 in Polearms
   658 | D:2      | Gained mutation: You are partially covered in slimy green
                  | scales. (AC +2) [demonic ancestry]
   658 | D:2      | Reached XP level 3. HP: 29/29 MP: 3/3
  1069 | D:2      | Reached XP level 4. HP: 35/35 MP: 4/4
  1123 | D:2      | Reached ** piety under Trog
  1376 | D:2      | Reached XP level 5. HP: 27/42 MP: 5/5
  1873 | D:3      | Found a runed translucent door.
  1937 | D:3      | Noticed Nabski's ghost (amateur TeFE)
  1950 | D:3      | Killed Nabski's ghost
  1951 | D:3      | Gained mutation: A weak demonic guardian rushes to your
                  | aid. [demonic ancestry]
  1951 | D:3      | Reached XP level 6. HP: 48/48 MP: 6/6
  2210 | D:4      | Noticed Robin
  2221 | D:4      | Killed Robin
  2237 | D:4      | Reached *** piety under Trog
  2283 | D:4      | Reached skill level 3 in Axes
  2796 | D:4      | Gained mutation: You have a small tail. [demonic ancestry]
  2796 | D:4      | Reached XP level 7. HP: 55/55 MP: 7/7
  2961 | D:5      | Entered Level 5 of the Dungeon
  2987 | D:5      | Reached skill level 4 in Axes
  3022 | D:5      | Noticed Grinder
  3035 | D:5      | Killed Grinder
  3036 | D:5      | Reached skill level 5 in Fighting
  3125 | D:5      | Reached skill level 5 in Axes
  3254 | D:5      | Gained mutation: You have a tail ending in a sharp stinger.
                  | [demonic ancestry]
  3254 | D:5      | Reached XP level 8. HP: 63/63 MP: 8/8
  3371 | D:5      | Reached skill level 6 in Axes
  3709 | D:5      | Noticed Pikel
  3715 | D:5      | Killed Pikel
  3716 | D:5      | Reached skill level 7 in Axes
  4077 | D:5      | Gained mutation: You are mostly covered in slimy green
                  | scales. (AC +3) [demonic ancestry]
  4077 | D:5      | Reached XP level 9. HP: 72/72 MP: 9/9
  4212 | D:6      | Reached skill level 8 in Axes
  4234 | D:6      | Found a hide-covered altar of Uskayaw.
  5054 | D:7      | Found a transporter.
  5054 | D:7      | Noticed Persephone's ghost (novice GrBe)
  5072 | D:7      | Reached skill level 9 in Axes
  5081 | D:7      | Identified the +9 dire flail of Indomitability {drain, rC+
                  | Int-5 Dex+4}
  5169 | D:7      | Found a staircase to the Ecumenical Temple.
  5258 | D:7      | Reached **** piety under Trog
  5677 | D:8      | Paralysed by a hornet for 1 turns
  5679 | D:8      | Reached skill level 10 in Axes
  5679 | D:8      | Reached XP level 10. HP: 82/82 MP: 10/10
  5964 | D:8      | Found Monuov's Antique Weapon Emporium.
  6030 | D:8      | Noticed Blork the orc
  6224 | D:8      | Killed Blork the orc
  6421 | D:9      | Noticed Harold
  6425 | D:9      | Killed Harold
  6426 | D:9      | Reached skill level 11 in Axes
  6650 | D:9      | Found a staircase to the Lair.
  6664 | D:9      | Reached skill level 1 in Ranged Weapons
  7126 | D:9      | Gained mutation: You possess an exceptional clarity of
                  | mind. [potion of mutation]
  7126 | D:9      | Gained mutation: You passively map a small area around you.
                  | [potion of mutation]
  7126 | D:9      | Gained mutation: You occasionally lose the ability to drink
                  | potions when taking damage. [potion of mutation]
  7127 | D:9      | Lost mutation: You passively map a small area around you.
                  | [potion of mutation]
  7127 | D:9      | Lost mutation: You occasionally lose the ability to drink
                  | potions when taking damage. [potion of mutation]
  7127 | D:9      | Lost mutation: You possess an exceptional clarity of mind.
                  | [potion of mutation]
  7127 | D:9      | Gained mutation: Your mind is acute. (Int +4, Str/Dex -1)
                  | [potion of mutation]
  7128 | D:9      | Lost mutation: Your mind is acute. (Int +4, Str/Dex -1)
                  | [potion of mutation]
  7128 | D:9      | Gained mutation: You are clumsy. (Dex -2) [potion of
                  | mutation]
  7129 | D:9      | Lost mutation: You are clumsy. (Dex -2) [potion of
                  | mutation]
  7129 | D:9      | Gained mutation: You have sharp fingernails. [potion of
                  | mutation]
  7129 | D:9      | Gained mutation: You passively dampen the noise of your
                  | surroundings. [potion of mutation]
  7242 | D:9      | Noticed a boulder beetle
  7256 | D:9      | Killed a boulder beetle
  7354 | D:9      | Found a snail-covered altar of Cheibriados.
  7358 | D:9      | Found a shimmering altar of Xom.
  7448 | D:10     | Entered Level 10 of the Dungeon
  7453 | D:10     | Reached ***** piety under Trog
  7454 | D:10     | Reached XP level 11. HP: 74/90 MP: 11/11
  7500 | D:10     | Noticed a two-headed ogre
  7509 | D:10     | Killed a two-headed ogre
  7585 | D:10     | Found a sacrificial altar of Ru.
  7854 | D:10     | Found a staircase to the Orcish Mines.
  8005 | D:10     | Noticed Snorg
  8015 | D:10     | Killed Snorg
  8016 | D:10     | Reached skill level 10 in Fighting
  8016 | D:10     | Reached skill level 12 in Axes
  8853 | D:10     | Identified the +10 sling "Edoat" {flame, Dex+5}
  9002 | D:10     | Noticed Erolcha
  9011 | D:10     | Killed Erolcha
 10260 | D:10     | Noticed a hell knight
 10269 | D:10     | Killed a hell knight
 10270 | D:10     | Reached skill level 5 in Ranged Weapons
 10766 | D:10     | Noticed a hell knight
 10776 | D:10     | Noticed a necromancer
 10778 | D:10     | Noticed a hell knight
 10984 | D:10     | Noticed a hell knight
 10988 | D:10     | Killed a necromancer
 10989 | D:10     | Reached skill level 1 in Shields
 10994 | D:10     | Killed a hell knight
 11251 | D:10     | Killed a hell knight
 11256 | D:10     | Noticed a hell knight
 12214 | D:10     | Killed a hell knight
 12223 | D:10     | Killed a hell knight
 12642 | D:10     | Noticed a hell knight
 12652 | D:10     | Killed a hell knight
 12782 | D:10     | Upgraded the game from 0.30-a0-652-gcc886f7154 to
                  | 0.30-a0-672-gc3a7216ad8
 12826 | Orc:1    | Entered Level 1 of the Orcish Mines
 12826 | Orc:1    | Noticed an orc sorcerer
 12920 | Orc:1    | Gained mutation: You are mostly covered in sharp spines.
                  | [demonic ancestry]
 12920 | Orc:1    | Reached XP level 12. HP: 98/100 MP: 12/12
 14149 | Orc:2    | Entered Level 2 of the Orcish Mines
 14502 | Orc:2    | Reached skill level 13 in Axes
 14646 | Orc:2    | Noticed Rupert
 14661 | Orc:2    | HP: 5/100 [Rupert/+0 great mace of protection (4)]
 14662 | Orc:2    | Annihilated by Rupert

Illustrated notes

Levels and vault maps discovered:
D:1:      dpeg_arrival_rhombus, layout_basic, nrook_loot_triangle,
          minmay_tree_intersection
D:2:      cheibrodos_fertilizer, layout_basic
D:3:      layout_rooms, ebering_ghost_sewer_d, serial_corexii_hall,
          corexii_hall_statues_deadend, corexii_hall_statues_u
D:4:      layout_loops_ring, uniq_robin
D:5:      layout_basic, kennysheep_donut, minmay_starry_boxes, uniq_pikel,
          uniq_grinder
D:6:      dreamdust_elfheim, layout_basic, mainiacjoe_overflow_small_starburst
D:7:      layout_loops_ring, minmay_temple_entry_mist, gammafunk_ghost_smash
D:8:      layout_cave_pools, serial_shops, nicolae_stop_n_shop_1, sword_in_stone
D:9:      layout_gridville, minitemple, david_lair_shrubbed,
          kennysheep_pointless_box, kennysheep_generic_room_9, uniq_harold
D:10:     layout_small_grid, mainiacjoe_overflow_alcove_1, kennysheep_mini_moat,
          hiddenorc1_lemuel, minmay_rotating_lava, uniq_snorg, uniq_erolcha
Orc:1:    layout_caves
Orc:2:    pf_orc_diabolical, layout_caves, ebering_ghost_inner_flame,
          uniq_josephine, uniq_rupert

Skill      XL: |  1  2  3  4  5  6  7  8  9 10 11 12 |
---------------+-------------------------------------+-----
Armour         | 2 3 |  3.4
Dodging        | 2 3 |  3.3
Polearms       | 1 2 3 |  3.5
Fighting       | 4 5 7 8 9 11 | 11.2
Axes           | 3 5 7 10 11 12 13 | 13.0
Ranged Weapons | 3 6 |  6.6
Shields        | 2 |  2.5

Action                   |  1- 3 |  4- 6 |  7- 9 | 10-12 || total
-------------------------+-------+-------+-------+-------++-------
Melee: Hand axe          |    31 |       |       |       ||    31
       Spear             |    36 |   111 |       |       ||   147
       Punch             |       |     1 |     1 |     2 ||     4
       War axe           |       |     7 |   195 |   161 ||   363
       Tailslap          |       |       |    31 |    40 ||    71
       Glaive            |       |       |       |    41 ||    41
       Trident           |       |       |       |    15 ||    15
       Battleaxe         |       |       |       |    21 ||    21
 Fire: Sling             |       |     2 |    11 |   100 ||   113
       Arbalest          |       |       |       |   112 ||   112
Throw: Stone             |     3 |       |    13 |     2 ||    18
       Boomerang         |       |       |       |    17 ||    17
Invok: Berserk           |     1 |     2 |     5 |    16 ||    24
       Trog's Hand       |       |     1 |     4 |    16 ||    21
Evoke: Wand              |       |       |     6 |       ||     6
  Use: Scroll            |     2 |     5 |     4 |    13 ||    24
       Potion            |       |       |       |     7 ||     7
 Stab: Sleeping          |     3 |       |       |       ||     3
       Distracted        |       |       |       |     1 ||     1
Armor: Animal skin       |    13 |       |       |       ||    13
       Plate armour      |     5 |    56 |   132 |   140 ||   333
Dodge: Dodged            |    36 |    22 |    62 |   111 ||   231
       Repelled          |       |       |       |     2 ||     2
Block: Kite shield       |       |       |       |     1 ||     1

Table legend: (Time is in decaauts)
 A = Elapsed time spent in this place.
 B = Non-inter-level travel time spent in this place.
 C = Inter-level travel time spent in this place.
 D = Time resting spent in this place.
 E = Time spent auto-exploring this place.
 F = Levels seen in this place.
 G = Mean time per level.
                   A        B        C        D        E       F      G
               +--------+--------+--------+--------+--------+-----+--------+
         Total |  15091 |  14726 |    365 |   6441 |   5946 |  12 | 1257.6 |
       Dungeon |  13298 |  12975 |    323 |   5444 |   5486 |  10 | 1329.8 |
  Orcish Mines |   1793 |   1752 |     41 |    997 |    460 |   2 |  896.5 |
               +--------+--------+--------+--------+--------+-----+--------+

Top non-repeatable levels by time:
    D:10: 5525 daAuts
   Orc:1: 1273 daAuts
     D:5: 1206 daAuts
     D:9: 1173 daAuts
     D:2: 925 daAuts
     D:8: 906 daAuts
     D:4: 886 daAuts
     D:6: 791 daAuts
     D:7: 712 daAuts
     D:1: 660 daAuts
   Orc:2: 520 daAuts
     D:3: 511 daAuts
